 Dungeon Crawl Stone Soup version 0.25.1-3-ge44b62a0b3 (webtiles) character file.

Game seed: 7261879440538597041

1807 Erymatos the Cleaver (level 8, -6/106 HPs)
             Began as a Minotaur Berserker on Nov 23, 2020.
             Was a High Priest of Trog.
             Splashed by a wight's acid (13 damage)
             ... on level 7 of the Dungeon.
             The game lasted 00:12:05 (5641 turns).

Erymatos the Cleaver (Minotaur Berserker)           Turns: 5641, Time: 00:12:07

Health: -6/106     AC:  3    Str: 24    XL:     8   Next: 84%
Magic:  7/7        EV: 15    Int:  4    God:    Trog [*****.]
Gold:   303        SH:  0    Dex: 16    Spells: 7/7 levels left

rFire    . . .     SeeInvis .   v - +0 war axe
rCold    . . .     Gourm    .   (no shield)
rNeg     . . .     Faith    .   q - +0 ring mail
rPois    .         Spirit   .   (helmet restricted)
rElec    .         Reflect  .   (no cloak)
rCorr    .         Harm     .   u - +0 pair of gloves
MR       .....                  (no boots)
Stlth    ..........             (no amulet)
HPRegen  0.27/turn              o - +6 ring of dexterity
MPRegen  0.10/turn              (no ring)

@: berserking, corroded, very quick
A: retaliatory headbutt, horns 2
a: Berserk, Trog's Hand, Brothers in Arms, Renounce Religion


You were on level 7 of the Dungeon.
You worshipped Trog.
Trog was extremely pleased with you.
You were very hungry.

You visited 1 branch of the dungeon, and saw 7 of its levels.

You collected 303 gold pieces.

Inventory:

Hand Weapons
 v - a +0 war axe (weapon)
Armour
 q - a +0 ring mail (worn)
 u - a +0 pair of gloves (worn)
Jewellery
 o - a +6 ring of dexterity (left hand)
Wands
 r - a wand of digging (5)
Scrolls
 a - a scroll of vulnerability {unknown}
 e - a scroll of blinking {unknown}
 g - 8 scrolls of identify {unknown}
 h - 5 scrolls of teleportation {unknown}
 i - 2 scrolls of remove curse {unknown}
 j - 3 scrolls of enchant armour {unknown}
 k - a scroll of fog {unknown}
 l - a scroll of amnesia {unknown}
 n - 2 scrolls of magic mapping {unknown}
 p - a scroll of enchant weapon {unknown}
 x - a scroll of fear {unknown}
Potions
 b - 2 potions of heal wounds {unknown}
 d - 2 potions of stabbing {unknown}
 f - a potion of invisibility {unknown}
 m - a potion of degeneration {unknown}
 s - 2 potions of magic {unknown}
 t - a potion of mutation {unknown}
Comestibles
 c - 13 rations
 w - 4 chunks of flesh


   Skills:
 + Level 6.6 Fighting
 + Level 10.3 Axes
 + Level 5.7 Armour
 + Level 5.6 Dodging
 - Level 0.7 Stealth
 + Level 0.2 Evocations


You had 7 spell levels left.
You didn't know any spells.
Your spell library was empty.

Dungeon Overview and Level Annotations

Branches:
Dungeon (7/15)             Temple (0/1) D:6

Altars:
Fedhas
Gozag
Nemelex Xobeh
Okawaru
Sif Muna
Trog
Uskayaw
Zin

Shops:
D:4 (*   D:6 (:


Innate Abilities, Weirdness & Mutations

You reflexively headbutt those who attack you in melee.
You have a pair of horns on your head.


Message History

The wight zaps a wand.
The bolt of acid hits you! The acid corrodes you!
You are splashed with acid!
Found a glowing war axe and 2 yellow potions.
You barely miss the wight. Your headbutt misses the wight.
The wight barely misses you.
You hit the wight. You headbutt the wight.
The wight is moderately damaged.
The wight zaps a wand.
The bolt of acid hits you!!
You are splashed with acid!
* * * LOW HITPOINT WARNING * * *
You are too injured to fight recklessly!
Unknown command.
You are a level 8 Minotaur Berserker.
You are 84% of the way to level 9.
Play time: 00:12:01 (5641 turns)
A red film seems to cover your vision as you go berserk!
You feel yourself moving faster!
You feel mighty!
You are feeling very hungry.
The wight zaps a wand.
The bolt of acid hits you!
* * * LOW HITPOINT WARNING * * *
You are splashed with acid!
You die...

......... . .#..... .#.
!. #.....# . ... .
###...#.###.. #.# .
#...).......# #.# .#
.......#.# #.##)#
.........#######.#..#
#..รท.....##..).(...#
#..<))......####@###
............##...z.z....
.#(.......>....#.PPP.###
((..............PPP.P#
.#..[...........PP_PP#
##..............PPP.P#
.................PPP.#
..##......#.......#..#
#....#...###.....


You could see 2 wights.

Vanquished Creatures
  Sigmund (D:4)
  Menkaure (D:5)
  An ice beast (D:6)
  A centaur (D:7)
  An ogre (D:6)
  Blork the orc (D:6)
  2 bullfrogs
  A wight (D:7)
  3 howler monkeys
  A crimson imp (D:7)
  2 hounds
  2 bullfrog skeletons (D:6)
  An orc priest (D:3)
  An iguana (D:6)
  Natasha (thrice) (D:3)
  4 orc wizards
  4 worker ants
  Terence (D:2)
  A killer bee zombie (D:6)
  A hound zombie (D:5)
  8 gnolls
  12 adders
  2 shadow imps (D:6)
  4 oozes
  An adder skeleton (D:6)
  5 worms
  3 dart slugs
  9 leopard geckos
  21 orcs
  14 bats
  2 giant cockroaches
  5 goblins
  10 hobgoblins
  17 jackals
  A quokka (D:3)
  3 ball pythons
  2 frilled lizards
  A giant cockroach zombie (D:6)
  A jackal skeleton (D:4)
  9 kobolds
  8 rats
171 creatures vanquished.

Notes
Turn   | Place    | Note
-------+----------+-------------------------------------------
     0 | D:1      | Erymatos the Minotaur Berserker began the quest for the
                  | Orb.
     0 | D:1      | Reached XP level 1. HP: 19/19 MP: 0/0
   145 | D:1      | Reached XP level 2. HP: 15/27 MP: 1/1
   148 | D:1      | Reached skill level 4 in Axes
   920 | D:1      | Reached XP level 3. HP: 31/33 MP: 2/2
   921 | D:1      | Reached ** piety under Trog
  1182 | D:2      | Reached XP level 4. HP: 36/41 MP: 3/3
  1259 | D:2      | Noticed Terence
  1265 | D:2      | Reached skill level 5 in Axes
  1270 | D:2      | Killed Terence
  1528 | D:2      | Reached XP level 5. HP: 47/47 MP: 4/4
  1673 | D:2      | Reached *** piety under Trog
  1999 | D:2      | Found a glowing silver altar of Zin.
  2190 | D:3      | Noticed Natasha
  2194 | D:3      | Killed Natasha
  2194 | D:3      | Reached skill level 5 in Fighting
  2201 | D:3      | Reached skill level 6 in Axes
  2201 | D:3      | Reached XP level 6. HP: 56/56 MP: 5/5
  2204 | D:3      | Noticed Natasha
  2213 | D:3      | Killed Natasha
  2378 | D:3      | Reached **** piety under Trog
  2763 | D:3      | Noticed Natasha
  2768 | D:3      | Killed Natasha
  3061 | D:4      | Found a hide-covered altar of Uskayaw.
  3078 | D:4      | Reached skill level 7 in Axes
  3091 | D:4      | Reached XP level 7. HP: 49/61 MP: 6/6
  3183 | D:4      | Found an opulent altar of Gozag.
  3187 | D:4      | Found Gozag's Platinum Reserve.
  3282 | D:4      | Noticed a moth of wrath
  3285 | D:4      | Found a bloodstained altar of Trog.
  3562 | D:4      | Noticed Sigmund
  3568 | D:4      | Killed Sigmund
  3568 | D:4      | Reached skill level 5 in Dodging
  3660 | D:4      | Found Jeclaez's Antique Weapon Shoppe.
  3854 | D:5      | Entered Level 5 of the Dungeon
  3954 | D:5      | Found a sparkling altar of Nemelex Xobeh.
  4198 | D:5      | Noticed Menkaure
  4204 | D:5      | Killed Menkaure
  4204 | D:5      | Reached skill level 8 in Axes
  4627 | D:6      | Reached XP level 8. HP: 64/70 MP: 7/7
  4667 | D:6      | Found a staircase to the Ecumenical Temple.
  4804 | D:6      | Reached skill level 5 in Armour
  4857 | D:6      | Found Empeitzie's Book Emporium.
  4902 | D:6      | Found Guliv's Antique Weapon Boutique.
  4903 | D:6      | Noticed Blork the orc
  4911 | D:6      | Killed Blork the orc
  4911 | D:6      | Reached skill level 9 in Axes
  5063 | D:6      | Found an iron altar of Okawaru.
  5361 | D:6      | Found a shimmering blue altar of Sif Muna.
  5496 | D:7      | Reached skill level 10 in Axes
  5520 | D:7      | Reached ***** piety under Trog
  5637 | D:7      | Found a blossoming altar of Fedhas.
  5641 | D:7      | Splashed by a wight's acid

Illustrated notes

Levels and vault maps discovered:
D:1:      mrwooster_arrival_statue_2, layout_basic
D:2:      layout_loops_ring, zin_treasury, st_stairs_12, minmay_quadrilaterals,
          uniq_terence
D:3:      minmay_angry_zag, layout_rooms, uniq_natasha
D:4:      layout_rooms, nicolae_gozag_zags_fifth_avenue, tgw_trog,
          eat_drink_and_be_merry_uskayaw, serial_shops, shop, first_ration,
          uniq_sigmund
D:5:      layout_basic, nemelex_xobeh_ov_fountains_minmay,
          hangedman_decor_clover_reticule, uniq_menkaure
D:6:      layout_gridville, lemuel_crystal_altar,
          minmay_temple_entry_drinking_statues, serial_shops, shop,
          nicolae_shop_waterfront, basic_altar, uniq_blork_the_orc
D:7:      layout_rooms, slow_altar_1, fedhas_altar_3, tso_oasis_becter,
          gammafunk_ghost_split

Skill      XL: |  1  2  3  4  5  6  7  8 |
---------------+-------------------------+-----
Fighting       | 4 5 6 |  6.6
Axes           | 4 5 6 7 8 10 | 10.3
Dodging        | 3 4 5 |  5.6
Armour         | 4 5 |  5.7
Stealth        | |  0.7
Evocations     | |  0.2

Action                   |  1- 3 |  4- 6 |  7- 9 || total
-------------------------+-------+-------+-------++-------
Melee: Hand axe          |    68 |   131 |    17 ||   216
       Headbutt          |     6 |    29 |    29 ||    64
       War axe           |       |       |   111 ||   111
Invok: Berserk           |       |     3 |     2 ||     5
Evoke: Wand              |       |     1 |       ||     1
 Stab: Sleeping          |     1 |       |       ||     1
  Eat: Chunk             |     1 |     9 |     5 ||    15
       Ration            |       |       |     1 ||     1
Armor: Animal skin       |     9 |    21 |       ||    30
       Ring mail         |       |     9 |    31 ||    40
Dodge: Dodged            |    40 |   117 |    80 ||   237
